 Dungeon Crawl Stone Soup version 0.27.1-33-g824d729ab1 (webtiles) character file.

Game seed: 18386821305294401747

36 SensoryNuts the Ruffian (level 3, -2/28 HPs)
             Began as a Draconian Transmuter on Dec 7, 2021.
             Slain by a gnoll (7 damage)
             ... on level 2 of the Dungeon.
             The game lasted 00:02:54 (2210 turns).

SensoryNuts the Ruffian (Draconian Transmuter)      Turns: 2210, Time: 00:02:54

Health: -2/28      AC:  5    Str: 13    XL:     3   Next: 19%
Magic:  3/6        EV: 12    Int: 13    God:
Gold:   84         SH:  0    Dex: 11    Spells: 3/6 levels left

rFire    . . .     SeeInvis .     - Unarmed
rCold    . . .     Faith    .   (no shield)
rNeg     . . .     Spirit   .   (armour unavailable)
rPois    .         Reflect  .   (helmet restricted)
rElec    .         Harm     .   (no cloak)
rCorr    .         Rampage  .   (no gloves)
Will     .....                  (no boots)
Stlth    +.........             (no amulet)
HPRegen  0.09/turn              (no ring)
MPRegen  0.10/turn              (no ring)

@: wereblooded
A: AC +5, unfitting armour, cold-blooded
a: no special abilities


You were on level 2 of the Dungeon.
You visited 1 branch of the dungeon, and saw 2 of its levels.

You collected 84 gold pieces.

Inventory:

Scrolls
 d - a scroll of immolation {unknown}
Potions
 a - a potion of curing {unknown}
 c - a potion of brilliance {unknown}


   Skills:
 + Level 1.1 Fighting
 + Level 2.0 Dodging
 + Level 0.3 Stealth
 + Level 3.5 Unarmed Combat
 + Level 2.4 Spellcasting
 + Level 2.3 Transmutations


You had 3 spell levels left.
You knew the following spells:

 Your Spells              Type           Power      Damage    Failure   Level
a - Beastly Appendage     Tmut           14%        N/A       10%         1
b - Wereblood             Tmut           7%         N/A       14%         2

Your spell library contained the following spells:

 Spells                   Type           Power      Damage    Failure   Level
 Spider Form              Tmut/Pois      2%         N/A       41%         3
 Ice Form                 Ice/Tmut       4%         N/A       83%         4


Dungeon Overview and Level Annotations

Branches:
Dungeon (2/15)

Altars:


Innate Abilities, Weirdness & Mutations

Your plain brown scales are hard. (AC +5)
You cannot fit into any form of body armour.
You are cold-blooded and may be slowed by cold attacks.


Message History

There are monsters nearby!
There are monsters nearby!
Your blood is infused with primal strength.
The gnoll shouts!
You hear a shout! x2
A goblin comes into view. It is wielding a +0 club.
The bat hits you but does no damage.
A gnoll comes into view. It is wielding a +0 spear.
The bat hits you. The bat closely misses you. The bat closely misses you.
The bat closely misses you. The bat closely misses you. The bat hits you.
The bat hits you. The bat hits you but does no damage.
Your blood is freshly infused with primal strength!
The bat hits you but does no damage. The bat misses you.
The bat barely misses you.
The gnoll hits you from afar with a +0 spear!
You closely miss the bat. The bat hits you but does no damage.
The gnoll barely misses you.
You hit the bat.
You feel a bit better.
You kill the bat!
The gnoll hits you from afar with a +0 spear.
The gnoll hits you from afar with a +0 spear.
The gnoll closely misses you.
You see here a bat corpse.
You barely miss the gnoll.
The gnoll hits you from afar with a +0 spear.
The gnoll closely misses you.
You hit the gnoll.
The gnoll is lightly wounded.
The gnoll hits you from afar with a +0 spear.
* * * LOW HITPOINT WARNING * * *
The gnoll closely misses you.
You hit the gnoll but do no damage.
Your tail-slap misses the gnoll.
The gnoll is lightly wounded.
The gnoll hits you from afar with a +0 spear.
* * * LOW HITPOINT WARNING * * *
The gnoll hits you with a +0 spear!
You die...

##### ### ..... ..#
...... #.# ......####.#
........##g#######
###### #...gg@....#
#..... ####g#####.#
#.####
........#####.#### #.#
.#########.......####.#
#.........##.##
#.##.##.#.##..# #.
#.##.#.###.###
##.##..#.#.# #.#.#
###...#......###....


You could see 3 gnolls and a goblin.

Vanquished Creatures
  A worm (D:2)
  A dart slug (D:2)
  5 bats
  An endoplasm (D:2)
  3 goblins
  2 hobgoblins (D:2)
  4 jackals (D:1)
  6 ball pythons
  2 kobolds (D:1)
  2 rats (D:1)
27 creatures vanquished.

Notes
Turn   | Place    | Note
-------+----------+-------------------------------------------
     0 | D:1      | SensoryNuts the Draconian Transmuter began the quest for
                  | the Orb.
     0 | D:1      | Reached XP level 1. HP: 16/16 MP: 3/3
   281 | D:1      | Reached XP level 2. HP: 23/23 MP: 3/5
  1168 | D:2      | Learned a level 2 spell: Wereblood
  1789 | D:2      | Reached XP level 3. HP: 28/28 MP: 3/6
  2210 | D:2      | Slain by a gnoll

Illustrated notes

Levels and vault maps discovered:
D:1:      dpeg_arrival_chambers_temple_mockup, layout_basic, serial_rivers,
          chequers_serial_rivers_micro_e, chequers_serial_rivers_marsh,
          chequers_serial_rivers_small_a, chequers_serial_rivers_micro_d,
          chequers_serial_rivers_micro_d, chequers_serial_rivers_micro_b
D:2:      layout_loops_corners

Skill      XL: |  1  2  3 |
---------------+----------+-----
Dodging        | 2 |  2.0
Fighting       | |  1.1
Stealth        | |  0.3
Unarmed Combat | |  3.5
Spellcasting   | |  2.4
Transmutations | |  2.3

Action                   || total
-------------------------++-------
Melee: Unarmed           ||    72
       Tailslap          ||    10
       Punch             ||     3
       Kick              ||     1
       Headbutt          ||     1
 Cast: Beastly Appendage ||    16
       Wereblood         ||    11
  Use: Potion            ||     1
 Stab: Sleeping          ||     1
Armor: Skin              ||    27
Dodge: Dodged            ||    54
